 Dungeon Crawl Stone Soup version 0.23-a0-629-gae4348f (webtiles) character file.

102 Darkshadow the Skirmisher (level 4, 0/30 HPs)
             Began as a Gargoyle Fighter on Dec 26, 2018.
             Slain by an orc wizard
             ... wielding a +0 dagger
              (2 damage)
             ... on level 3 of the Dungeon.
             The game lasted 00:03:50 (2049 turns).

Darkshadow the Skirmisher (Gargoyle Fighter)        Turns: 2049, Time: 00:03:50

Health: 0/30       AC: 17    Str: 21    XL:     4   Next: 77%
Magic:  4/4        EV:  7    Int:  8    God:
Gold:   79         SH:  9    Dex:  9    Spells: 3/3 levels left

rFire    . . .     SeeInvis .   n - +0 mace (protect)
rCold    . . .     Gourm    .   c - +0 shield
rNeg     + . .     Faith    .   b - +0 scale mail
rPois    ∞         Spirit   .   (no helmet)
rElec    +         Reflect  .   (no cloak)
rCorr    .         Harm     .   (no gloves)
MR       .....                  (no boots)
Stlth    ..........             (no amulet)
HPRegen  0.10/turn              (no ring)
MPRegen  0.09/turn              (no ring)

@: protection aura
A: negative energy resistance 1, electricity resistance, unbreathing,
petrification resistance, rot immunity, AC +3
a: no special abilities


You were on level 3 of the Dungeon.
You were not hungry.

You visited 1 branch of the dungeon, and saw 3 of its levels.

You collected 79 gold pieces.

Inventory:

Hand Weapons
 a - a +0 flail
 n - a +0 mace of protection (weapon)
Missiles
 k - 116 stones (quivered)
Armour
 b - a +0 scale mail (worn)
 c - a +0 shield (worn)
Jewellery
 m - a cursed ring of teleportation {unknown}
Scrolls
 e - a scroll of teleportation {unknown}
 i - a scroll of remove curse {unknown}
 o - 2 scrolls of blinking {unknown}
 q - 4 scrolls of identify {unknown}
Potions
 d - 2 potions of might
 g - a potion of mutation {unknown}
 h - 2 potions of heal wounds {unknown}
 j - a potion of curing {unknown}
 l - a potion of ambrosia {unknown}
Comestibles
 f - 5 rations


   Skills:
 * Level 4.4 Fighting
 + Level 2.8 Maces & Flails
 + Level 4.0 Armour
 + Level 3.9 Shields


You had 3 spell levels left.
You didn't know any spells.
Your spell library was empty.

Dungeon Overview and Level Annotations

Branches:
Dungeon (3/15)

Altars:


Innate Abilities, Weirdness & Mutations

You are resistant to torment.
Your stone body is resilient. (AC +3)
You are immune to poison.
You resist negative energy. (rN+)
You are resistant to electric shocks. (rElec)
You can survive without breathing.
You are immune to petrification.
You are immune to rotting.


Message History

Your weapon exudes an aura of protection.
The frilled lizard hisses.
Something hits you but does no damage. The orc hits you but does no damage.
Something hits you but does no damage.
You hit something.
You hear some strange, mumbled words.
A puff of frost appears from out of thin air!
The puff of frost hits you! The orc hits you but does no damage.
Something hits you but does no damage.
You completely miss something. Something hits you but does no damage.
You block the orc's attack. You block something's attack.
You miss something. Something hits you but does no damage.
The orc hits you but does no damage.
You hear some strange, mumbled words.
A puff of frost appears from out of thin air!
The puff of frost hits you!
* * * LOW HITPOINT WARNING * * *
You hit something but do no damage. Something hits you but does no damage.
You block the orc's attack. Something hits you.
You die...

.# ####### #.# .....#
#.# #.#.# #.. #..##
#.# ##..# ..#
.o###...######
....o#o#.#.......#
....ol{@(..#####.#
....############.####
. #.......# #.##.##.#
#.##.##.# #.#..##.#
##.#.###.# #........#
####...†....#


You could see 4 orcs and a frilled lizard.

Vanquished Creatures
  3 adders (D:2)
  An ooze (D:1)
  A worm (D:2)
  A dart slug (D:1)
  3 leopard geckos (D:1)
  3 bats (D:1)
  3 giant cockroaches
  10 goblins
  5 hobgoblins
  6 jackals
  3 quokkas (D:2)
  6 frilled lizards
  6 kobolds
  7 rats
58 creatures vanquished.

Notes
Turn   | Place    | Note
-------+----------+-------------------------------------------
     0 | D:1      | Darkshadow the Gargoyle Fighter began the quest for the
                  | Orb.
     0 | D:1      | Reached XP level 1. HP: 14/14 MP: 1/1
   263 | D:1      | Reached XP level 2. HP: 19/19 MP: 2/2
   522 | D:1      | Reached XP level 3. HP: 20/24 MP: 3/3
  1202 | D:2      | Found a faded altar of an unknown god.
  1294 | D:2      | Reached XP level 4. HP: 28/29 MP: 4/4
  2049 | D:3      | Slain by an orc wizard

Vault maps used:
D:1:      dpeg_arrival_concentric_ovals
D:2:      chequers_ecumenical_altar_simple_redux
D:3:      grunt_temple_overflow_open, first_ration

Skill      XL: |  1  2  3  4 |
---------------+-------------+-----
Fighting       | 4 |  4.4
Armour         | 4 |  4.0
Maces & Flails | |  2.8
Shields        | |  3.9

Action                   |  1- 3 |  4- 6 || total
-------------------------+-------+-------++-------
Melee: Flail             |    93 |       ||    93
       Mace              |    78 |    75 ||   153
  Eat: Chunk             |     2 |     2 ||     4
Armor: Scale mail        |    89 |    67 ||   156
Dodge: Dodged            |    55 |    11 ||    66
Block: Shield            |    94 |    39 ||   133

Table legend:
 A = Non-vault XP
 B = Vault XP
 C = Vault XP percentage of total XP
 D = Non-vault monster count
 E = Vault monster count
 F = Vault count percentage of total count
                 A         B        C        D         E       F
            +---------+---------+-------+---------+---------+-------
      Total |     146 |       0 |   0.0 |      58 |       0 |   0.0
            +---------+---------+-------+---------+---------+-------
        D:1 |      67 |       0 |   0.0 |      34 |       0 |   0.0
        D:2 |      71 |       0 |   0.0 |      19 |       0 |   0.0
        D:3 |       8 |       0 |   0.0 |       5 |       0 |   0.0
            +---------+---------+-------+---------+---------+-------
